 Dungeon Crawl Stone Soup version 0.29.1-4-g47bece8355 (webtiles) character file.

Game seed: 868357718918185528

408 safid the Shooter (level 6, -1/57 HPs)
             Began as a Minotaur Hunter on Dec 1, 2022.
             Was a Follower of Okawaru.
             Frozen to death by an endoplasm (3 damage)
             ... on level 4 of the Dungeon.
             The game lasted 00:04:25 (3454 turns).

safid the Shooter (Minotaur Hunter)                 Turns: 3454, Time: 00:04:26

Health: -1/57      AC:  6    Str: 15    XL:     6   Next: 57%
Magic:  5/5        EV: 10    Int:  6    God:    Okawaru [*.....]
Gold:   266        SH:  0    Dex: 16    Spells: 5/5 levels left

rFire   . . .      SeeInvis .   a - +0 shortbow
rCold   . . .      Faith    .   (shield currently unavailable)
rNeg    . . .      Spirit   .   n - +0 scale mail
rPois   .          Reflect  .   (helmet restricted)
rElec   .          Harm     .   (no cloak)
rCorr   .          Rampage  .   (no gloves)
Will    .....                   (no boots)
Stlth   ..........              (no amulet)
HPRegen 0.19/turn               (no ring)
MPRegen 0.09/turn               (no ring)

@: no status effects
A: horns 2, retaliatory headbutt
a: Renounce Religion, Heroism


You were on level 4 of the Dungeon.
You worshipped Okawaru.
Okawaru was aware of your devotion.
You visited 2 branches of the dungeon, and saw 5 of its levels.

You collected 266 gold pieces.

Inventory:

Hand Weapons
 a - a +0 shortbow (weapon)
Armour
 n - a +0 scale mail (worn)
Jewellery
 p - a ring of positive energy
Scrolls
 b - a scroll of enchant weapon {unknown}
 c - 2 scrolls of teleportation {unknown}
 i - 2 scrolls of magic mapping {unknown}
 k - 2 scrolls of identify {unknown}
 l - a scroll of blinking {unknown}
 r - a scroll of fog {unknown}
Potions
 d - 3 potions of degeneration {unknown}
 e - a potion of resistance {unknown}
 f - a potion of ambrosia {unknown}
 g - a potion of magic {unknown}
 h - a potion of curing {unknown}
 j - 2 potions of berserk rage {unknown}
 m - a potion of lignification {unknown}
 o - a potion of attraction {unknown}
 q - 2 potions of haste {unknown}


   Skills:
 + Level 6.2 Fighting
 + Level 6.9 Ranged Weapons
 - Level 2.1 Dodging
 - Level 0.7 Stealth


You had 5 spell levels left.
You didn't know any spells.
Your spell library contained the following spells:

 Spells                   Type           Power      Damage    Failure   Level
 Foxfire                  Conj/Fire      0%         2x1d4     91%         1
 Sting                    Tmut/Pois      0%         1d3       91%         1
 Sublimation of Blood     Necr           0%         N/A       97%         2
 Wereblood                Tmut           0%         N/A       97%         2
 Conjure Flame            Conj/Fire      0%         6-21      99%         3
 Dazzling Flash           Conj/Hex       0%         N/A       99%         3
 Inner Flame              Hex/Fire       0%         N/A       99%         3
 Flame Wave               Conj/Fire      0%         2d4       100%        4
 Agony                    Necr           0%         N/A       100%        5
 Silence                  Hex/Air        0%         N/A       100%        5
 Summon Hydra             Summ           Unusable   N/A       N/A         7

Dungeon Overview and Level Annotations

Branches:
Dungeon (4/15)             Temple (1/1) D:4

Altars:
Ashenzari
Cheibriados
Dithmenos
Elyvilon
Fedhas
Hepliaklqana
Kikubaaqudgha
Nemelex Xobeh
Okawaru
Qazlal
Ru
Sif Muna
Uskayaw
Vehumet
Xom
Yredelemnul
Zin
The Shining One


Innate Abilities, Weirdness & Mutations

You have a pair of horns on your head.
You reflexively headbutt those who attack you in melee.


Message History

Press: ? - help, Q - select action, (/) - cycle Shift-Dir - straight line, f/p - jackal
Aim: a jackal (almost dead, 60% to hit)
You shoot an arrow. The arrow hits the jackal!
You kill the jackal!
Okawaru accepts your kill. The gnoll closely misses you.
The jelly hits you but does no damage. The gnoll barely misses you.
You furiously retaliate!
You headbutt the gnoll!
Fire: a) +0 shortbow
Press: ? - help, Q - select action, (/) - cycle Shift-Dir - straight line, f - gnoll
Aim: a gnoll, wielding a +5 dagger and wearing a +0 robe (severely wounded, covering ground quickly, 69% to hit)
You shoot an arrow.
The arrow hits the gnoll but does no damage.
The gnoll is severely wounded.
The jelly hits you but does no damage.
The endoplasm hits you but does no damage.
The gnoll hits you with a +5 dagger.
* * * LOW HITPOINT WARNING * * *
Unknown command.
Fire: a) +0 shortbow
Press: ? - help, Q - select action, (/) - cycle Shift-Dir - straight line, f/p - gnoll
Aim: a gnoll, wielding a +5 dagger and wearing a +0 robe (severely wounded, covering ground quickly, 69% to hit)
You shoot an arrow. The arrow barely misses the gnoll.
The arrow hits the endoplasm but does no damage.
The gnoll is no longer moving quickly.
The jelly hits you but does no damage.
The endoplasm hits you but does no damage.
The gnoll hits you with a +5 dagger!
* * * LOW HITPOINT WARNING * * *
The jelly hits you but does no damage.
The endoplasm hits you but does no damage.
The gnoll hits you but does no damage.
Fire: a) +0 shortbow
Press: ? - help, Q - select action, (/) - cycle Shift-Dir - straight line, f/p - gnoll
Aim: a gnoll, wielding a +5 dagger and wearing a +0 robe (severely wounded, 69% to hit)
You shoot an arrow. The arrow hits the gnoll!
You kill the gnoll!
Okawaru accepts your kill. The jelly misses you. The endoplasm freezes you.
You are frozen.
You die...

#######..........
##...#............ .
#............>.... ..
#.................
...####.................
..............#.#.......
......#.......#####.#...
#..J......#####..#...
###J)@......##........
......J♣................
).##...♣♣.♣♣.....#...<.#
#....♣♣.♣♣..........##
#.............##.....#.
.......♣♣.♣♣............
.......♣♣.♣♣....##......
......♣........#####...#
............#### #....


You could see a jelly and 2 endoplasms.

Vanquished Creatures
  A black bear (D:4)
  A phantom (D:4)
  A scorpion (D:4)
  A gnoll bouda (D:4)
  An iguana (D:4)
  3 gnolls (D:4)
  4 adders
  A worm (D:2)
  4 dart slugs
  2 orcs (D:4)
  3 ball pythons
  6 endoplasms
  6 giant cockroaches
  7 goblins
  4 hobgoblins
  9 jackals
  A quokka (D:4)
  4 bats
  4 frilled lizards
  4 kobolds
  3 rats
70 creatures vanquished.

Vanquished Creatures (others)
  7 plants (D:2)
7 creatures vanquished.

Grand Total: 77 creatures vanquished

Notes
Turn   | Place    | Note
-------+----------+-------------------------------------------
     0 | D:1      | safid the Minotaur Hunter began the quest for the Orb.
     0 | D:1      | Reached XP level 1. HP: 18/18 MP: 0/0
   125 | D:1      | Reached XP level 2. HP: 25/26 MP: 1/1
   242 | D:1      | Found a faded altar of an unknown god.
   250 | D:1      | Got Plato's Grimoire of Pollution
   658 | D:2      | Reached skill level 5 in Ranged Weapons
   658 | D:2      | Reached XP level 3. HP: 31/31 MP: 2/2
  2164 | D:4      | Noticed a phantom
  2167 | D:4      | Reached XP level 4. HP: 40/40 MP: 3/3
  2168 | D:4      | Found a staircase to the Ecumenical Temple.
  2182 | D:4      | Killed a phantom
  2183 | D:4      | Reached XP level 5. HP: 7/47 MP: 4/4
  2507 | Temple   | Entered the Ecumenical Temple
  2696 | Temple   | Became a worshipper of Warmaster Okawaru
  2817 | D:4      | Reached skill level 5 in Fighting
  2901 | D:4      | Found a sacrificial altar of Ru.
  2926 | D:4      | Noticed a black bear
  2938 | D:4      | Killed a black bear
  3222 | D:4      | Reached XP level 6. HP: 55/56 MP: 5/5
  3446 | D:4      | Reached * piety under Okawaru
  3453 | D:4      | HP: 2/57 [gnoll/+5 dagger[a gnoll bouda] (9)]
  3454 | D:4      | Frozen to death by an endoplasm

Illustrated notes

Levels and vault maps discovered:
D:1:      minmay_arrival_doors, layout_basic,
          shapermc_ecumenical_altar_rom_forum, due_unseen_surprise
D:2:      layout_loops_ring, serial_bayou, serial_bayou_shore_b,
          serial_bayou_lagoon_b, serial_bayou_crossing
D:3:      layout_basic, small_statue_intersection
D:4:      layout_cave_pools, nicolae_ru_path_of_blood, temple_pool_b,
          serial_park, serial_park_square1 [serial_park_minivault_5x5_3],
          serial_park_gazebo [serial_park_minivault_5x5_3], serial_park_square3
          [serial_park_minivault_5x5_8], serial_park_tiny_pond,
          serial_park_tiny_2
Temple:   bh_familiar_temple

Skill      XL: |  1  2  3  4  5  6 |
---------------+-------------------+-----
Fighting       | 3 4 5 6 |  6.2
Ranged Weapons | 5 6 |  6.9
Dodging        | |  2.1
Stealth        | |  0.7

Action                   |  1- 3 |  4- 6 || total
-------------------------+-------+-------++-------
 Fire: Shortbow          |    94 |    96 ||   190
Armor: Leather armour    |     4 |       ||     4
       Scale mail        |     9 |    48 ||    57
Dodge: Dodged            |    17 |    56 ||    73
